 Dungeon Crawl Stone Soup version 0.27-a0-1140-g099f9bb0e8 (webtiles) character file.

Game seed: 3835319483671215810

1626 MikuNakano the Slasher (level 8, -2/43 HPs)
             Began as a Vine Stalker Berserker on May 10, 2021.
             Was a Priest of Trog.
             Slain by a slime creature (9 damage)
             ... on level 5 of the Dungeon.
             The game lasted 00:07:39 (4626 turns).

MikuNakano the Slasher (Vine Stalker Berserker)     Turns: 4626, Time: 00:07:39

Health: -2/43      AC: 10    Str: 23    XL:     8   Next: 97%
Magic:  0/9        EV: 11    Int:  7    God:    Trog [***...]
Gold:   218        SH:  5    Dex: 13    Spells: 7/7 levels left

rFire    . . .     SeeInvis .   a - +0 falchion
rCold    . . .     Faith    .   l - +0 buckler
rNeg     + . .     Spirit   +   s - +4 ring mail {rN+}
rPois    .         Reflect  .   (no helmet)
rElec    .         Harm     .   (no cloak)
rCorr    .         Rampage  .   (no gloves)
Will     +....                  (no boots)
Stlth    +.........             (no amulet)
HPRegen  1.14/turn              (no ring)
MPRegen  0.11/turn              (no ring)

@: on berserk cooldown, slowed, very slow
A: fangs 3, regeneration 1, magic shield, antimagic bite, no potion heal 2
a: Renounce Religion, Berserk, Trog's Hand


You were on level 5 of the Dungeon.
You worshipped Trog.
Trog was most pleased with you.
You visited 1 branch of the dungeon, and saw 5 of its levels.

You collected 218 gold pieces.

Inventory:

Hand Weapons
 a - a +0 falchion (weapon)
Armour
 l - a +0 buckler (worn)
 s - a +4 ring mail of positive energy (worn)
Wands
 g - a wand of charming (9)
Scrolls
 b - 2 scrolls of immolation
 c - a scroll of blinking {unknown}
 d - 2 scrolls of teleportation
 e - 2 scrolls of fear {unknown}
 h - 5 scrolls of magic mapping {unknown}
 j - 2 scrolls of amnesia {unknown}
 k - a scroll of enchant armour
 n - a scroll of enchant weapon
Potions
 f - 2 potions of curing
 i - 3 potions of magic {unknown}
 m - 3 potions of might {unknown}
 o - a potion of haste {unknown}
 q - a potion of resistance {unknown}
 r - 2 potions of flight {unknown}


   Skills:
 + Level 5.0 Fighting
 - Level 6.5 Long Blades
 + Level 4.9 Armour
 - Level 2.0 Dodging
 - Level 0.7 Stealth
 * Level 4.0 Shields


You had 7 spell levels left.
You didn't know any spells.
Your spell library was empty.

Dungeon Overview and Level Annotations

Branches:
Dungeon (5/15)
 Temple: D:4-7

Altars:
Makhleb
Qazlal

Shops:
D:2 *   D:3 (

Annotations:
D:5 3 runed translucent doors, NateTC's ghost, novice DjEE; Zeld's ghost, novice OpFi


Innate Abilities, Weirdness & Mutations

You have razor-sharp teeth.
Your natural rate of healing is unusually fast.
When hurt, damage is shared between your health and your magic reserves.
Your bite disrupts and absorbs the magic of your enemies.
Potions cannot restore your health.


Message History

The large slime creature is severely wounded.
The large slime creature hits you!
* * * LOW HITPOINT WARNING * * *
You feel a strong urge to attack something.
You see here a +0 short sword.
You feel your anger nearly subside.
You are no longer berserk.
You are exhausted.
You feel yourself slow down.
A slime creature suddenly becomes a large slime creature.
There is an open door here.
You slash the large slime creature!
The large slime creature is severely wounded.
The large slime creature hits you.
A large slime creature splits.
You hit the slime creature. You bite the slime creature. You drain its power.
You feel invigorated.
The slime creature is almost dead.
The slime creature hits you. You block the slime creature's attack.
You hit the slime creature.
The slime creature is severely wounded.
You block the slime creature's attack. The jelly barely misses you.
You riposte.
You hit the jelly.
The jelly is lightly wounded.
The slime creature barely misses you.
You riposte.
You hit the slime creature but do no damage.
Your bite misses the slime creature.
The slime creature is severely wounded.
The slime creature closely misses you. The jelly closely misses you.
You riposte.
You slash the jelly!
The jelly is severely wounded.
The slime creature hits you but does no damage.
You hit the jelly.
Your hands burn!
Your bite misses the jelly.
The jelly is severely wounded.
The slime creature hits you. The jelly hits you.
You are splashed with acid!
* * * LOW HITPOINT WARNING * * *
The slime creature hits you.
* * * LOW HITPOINT WARNING * * *
Unknown command.
The slime creature hits you!
You die...

....####.####.#######.##.###.....
.##.####>...†.........†..........
#.......#####.#########.........
#.............# #########.
#.#####.####### ### #. #)##
#######.##...÷.?# #.
#))####....#.#.#÷...P.# #.
##..##.....#.#J#÷J....# #.
#..'....@J#'#J#JJP.P.# #.
#..'....JJ..#.#..÷...# ##
##.'........#.#..P÷..#
#.##.......#J#......#
#####......##'JJ..P.#
##########.....÷# ####### # # #


You could see 2 slime creatures and a jelly.

Vanquished Creatures
  Prince Ribbit (D:5)
  Menkaure (D:4)
  Duvessa (D:5)
  A black bear (D:4)
  An ogre (D:5)
  A phantom (D:4)
  4 kobold brigands (D:5)
  3 scorpions (D:5)
  Dowan (D:5)
  A centaur zombie (D:5)
  A hound (D:3)
  Crazy Yiuf (D:4)
  A jelly (D:4)
  Jessica (D:2)
  Natasha (thrice) (D:4)
  2 orc wizards (D:3)
  A hound skeleton (D:4)
  Robin (D:2)
  8 adders
  A worm (D:2)
  2 dart slugs
  6 orcs
  5 bats
  7 endoplasms
  2 giant cockroaches
  11 hobgoblins
  4 jackals (D:2)
  5 quokkas
  11 ball pythons
  A frilled lizard (D:2)
  13 goblins
  13 kobolds
  5 rats
120 creatures vanquished.

Vanquished Creatures (others)
  3 fungi (D:5)
  10 toadstools (D:5)
13 creatures vanquished.

Grand Total: 133 creatures vanquished

Notes
Turn   | Place    | Note
-------+----------+-------------------------------------------
     0 | D:1      | MikuNakano the Vine Stalker Berserker began the quest for
                  | the Orb.
     0 | D:1      | Reached XP level 1. HP: 11/11 MP: 2/2
    42 | D:1      | Reached XP level 2. HP: 16/16 MP: 3/3
   226 | D:1      | Reached skill level 3 in Long Blades
   725 | D:1      | Reached XP level 3. HP: 20/20 MP: 4/4
  1203 | D:2      | Noticed Jessica
  1213 | D:2      | Killed Jessica
  1214 | D:2      | Gained mutation: Your natural rate of healing is unusually
                  | fast. [Vine Stalker growth]
  1214 | D:2      | Reached XP level 4. HP: 11/24 MP: 2/5
  1297 | D:2      | Reached ** piety under Trog
  1500 | D:2      | Found Xyicsu's General Store.
  1651 | D:2      | Noticed Robin
  1671 | D:2      | Killed Robin
  1672 | D:2      | Reached skill level 4 in Long Blades
  2004 | D:2      | Reached XP level 5. HP: 18/28 MP: 4/6
  2033 | D:2      | Found a faded altar of an unknown god.
  2245 | D:3      | Found a stormy altar of Qazlal.
  2246 | D:3      | Noticed a fire elemental
  2247 | D:3      | Noticed a water elemental
  2248 | D:3      | Noticed an air elemental
  2364 | D:3      | Found Zuase's Weapon Shop.
  2616 | D:3      | Found a burning altar of Makhleb.
  2694 | D:3      | Reached *** piety under Trog
  2696 | D:3      | Reached XP level 6. HP: 32/32 MP: 7/7
  3125 | D:4      | Reached skill level 5 in Long Blades
  3125 | D:4      | Reached skill level 1 in Shields
  3156 | D:4      | Noticed Menkaure
  3156 | D:4      | Noticed a black bear
  3186 | D:4      | Killed Menkaure
  3187 | D:4      | Reached XP level 7. HP: 37/37 MP: 8/8
  3395 | D:4      | Noticed Natasha
  3406 | D:4      | Killed Natasha
  3452 | D:4      | Noticed Natasha
  3460 | D:4      | Killed Natasha
  3612 | D:4      | Found a runed translucent door.
  3613 | D:4      | Noticed Crazy Yiuf
  3705 | D:4      | Noticed Natasha
  3712 | D:4      | Killed Natasha
  3860 | D:4      | Killed Crazy Yiuf
  3926 | D:5      | Entered Level 5 of the Dungeon
  3976 | D:5      | Noticed Dowan
  3978 | D:5      | Noticed Duvessa
  3988 | D:5      | Killed Dowan
  3989 | D:5      | Reached skill level 6 in Long Blades
  3995 | D:5      | Killed Duvessa
  3996 | D:5      | Gained mutation: You have razor-sharp teeth. [Vine Stalker
                  | growth]
  3996 | D:5      | Reached XP level 8. HP: 36/42 MP: 9/9
  4111 | D:5      | Found a runed translucent gate.
  4111 | D:5      | Found a runed translucent gate.
  4111 | D:5      | Found a runed translucent gate.
  4112 | D:5      | Noticed Zeld's ghost (novice OpFi)
  4113 | D:5      | Noticed NateTC's ghost (novice DjEE)
  4320 | D:5      | Noticed Prince Ribbit
  4327 | D:5      | Killed Prince Ribbit
  4429 | D:5      | Reached skill level 5 in Fighting
  4594 | D:5      | Noticed a slime creature
  4594 | D:5      | Noticed a slime creature
  4626 | D:5      | Slain by a slime creature

Illustrated notes

Levels and vault maps discovered:
D:1:      scummos_arrival_star, layout_basic, st_stairs_12,
          minmay_misc_feat_five
D:2:      layout_loops_ring, serial_shops, shop,
          hellmonk_ecumenical_altar_prayer_group,
          hangedman_decor_clover_reticule, uniq_jessica, uniq_robin
D:3:      layout_loops_ring, nicolae_qazlal_style_of_elements,
          amcnicky_altar_gilded, serial_shops, nicolae_shop_stone,
          chequers_jeans, hex_large, minmay_shallow_snake_nest
D:4:      layout_cave_pools, minivault_1, uniq_menkaure, uniq_natasha,
          uniq_crazy_yiuf_cottage
D:5:      cheibrodos_fertilizer, layout_basic, minmay_temple_entry_stoned_glass,
          gammafunk_ghost_cemetery, uniq_prince_ribbit1, uniq_duvessa

Skill      XL: |  1  2  3  4  5  6  7  8 |
---------------+-------------------------+-----
Long Blades    | 3 4 5 6 |  6.5
Fighting       | 3 4 5 |  5.0
Armour         | 2 3 4 |  4.9
Dodging        | 2 |  2.0
Shields        | 1 2 4 |  4.0
Stealth        | |  0.7

Action                   |  1- 3 |  4- 6 |  7- 9 || total
-------------------------+-------+-------+-------++-------
Melee: Falchion          |    62 |   154 |   135 ||   351
       Bite              |    18 |    51 |    56 ||   125
Invok: Berserk           |     1 |     5 |     8 ||    14
  Use: Scroll            |     2 |       |     3 ||     5
       Potion            |       |     3 |       ||     3
Armor: Ring mail         |    16 |    52 |    48 ||   116
Dodge: Dodged            |    33 |    79 |    62 ||   174
Block: Buckler           |       |     8 |    32 ||    40
       Rpst.: Falchion   |    10 |    22 |    21 ||    53

Table legend: (Time is in decaauts)
 A = Elapsed time spent in this place.
 B = Non-inter-level travel time spent in this place.
 C = Inter-level travel time spent in this place.
 D = Time resting spent in this place.
 E = Time spent auto-exploring this place.
 F = Levels seen in this place.
 G = Mean time per level.
                   A        B        C        D        E       F      G
               +--------+--------+--------+--------+--------+-----+--------+
         Total |   4751 |   4517 |    234 |    980 |   2799 |   5 |  950.2 |
       Dungeon |   4751 |   4517 |    234 |    980 |   2799 |   5 |  950.2 |
               +--------+--------+--------+--------+--------+-----+--------+

Top non-repeatable levels by time:
     D:1: 1215 daAuts
     D:2: 988 daAuts
     D:3: 938 daAuts
     D:4: 892 daAuts
     D:5: 717 daAuts
